 Dungeon Crawl Stone Soup version 0.29.1-1-gd02db6906a (webtiles) character file.

Game seed: 4026791566076537401

196 FastidiousMonk the Ruffian (level 5, 0/53 HPs)
             Began as a Troll Gladiator on Oct 6, 2022.
             Slain by a gnoll
             ... wielding a +0 halberd
              (4 damage)
             ... on level 4 of the Dungeon.
             The game lasted 00:17:21 (3258 turns).

FastidiousMonk the Ruffian (Troll Gladiator)        Turns: 3258, Time: 00:17:22

Health: 0/53       AC:  4    Str: 22    XL:     5   Next: 45%
Magic:  4/4        EV: 10    Int:  4    God:
Gold:   58         SH:  0    Dex: 13    Spells: 4/4 levels left

rFire   . . .      SeeInvis .     - Unarmed
rCold   . . .      Faith    .   (no shield)
rNeg    . . .      Spirit   .   a - +0 robe
rPois   .          Reflect  .   b - +0 hat
rElec   .          Harm     .   (no cloak)
rCorr   .          Rampage  .   (gloves unavailable)
Will    .....                   (boots unavailable)
Stlth   +.........              (no amulet)
HPRegen 0.97/turn               (no ring)
MPRegen 0.09/turn               (no ring)

@: no status effects
A: large, unfitting armour, claws 3, regeneration 1, shaggy fur 1, tough skin 1
a: no special abilities


You were on level 4 of the Dungeon.
You visited 1 branch of the dungeon, and saw 5 of its levels.

You collected 188 gold pieces.
You spent 130 gold pieces at shops.

Inventory:

Hand Weapons
 n - a +4 dagger
 r - a +2 hand axe of freezing
Missiles
 c - 3 throwing nets (quivered)
 d - a large rock
 g - 31 stones
 z - 2 javelins
Armour
 a - a +0 robe (worn)
 b - a +0 hat (worn)
Jewellery
 x - an amulet of faith
Scrolls
 f - 2 scrolls of magic mapping {unknown}
 h - 2 scrolls of identify {unknown}
 j - a scroll of amnesia {unknown}
 k - a scroll of noise {unknown}
 q - 2 scrolls of enchant armour {unknown}
 s - 2 scrolls of teleportation {unknown}
 t - a scroll of immolation {unknown}
 y - a scroll of fear {unknown}
 B - a scroll of poison {unknown}
Potions
 e - 4 potions of curing {unknown}
 i - 2 potions of flight {unknown}
 l - 3 potions of heal wounds
 m - a potion of degeneration {unknown}
 o - 3 potions of lignification {unknown}
 p - a potion of brilliance {unknown}
 u - a potion of haste {unknown}
 v - a potion of mutation {unknown}
 w - 2 potions of berserk rage {unknown}
 A - a potion of invisibility


   Skills:
 * Level 3.5 Fighting
 - Level 1.7 Throwing
 + Level 3.3 Dodging
 + Level 4.0 Unarmed Combat


You had 4 spell levels left.
You didn't know any spells.
Your spell library contained the following spells:

 Spells                   Type           Power      Damage    Failure   Level
 Apportation              Tloc           0%         N/A       50%         1
 Alistair's Intoxication  Tmut/Pois      0%         N/A       100%        5


Dungeon Overview and Level Annotations

Branches:
Dungeon (5/15)
 Temple: D:4-7

Altars:
Dithmenos
Hepliaklqana
Qazlal
Ru

Shops:
D:2 !   D:4 *(!(

Annotations:
D:2 Altars-UnknownGod,Qazlal, D:4 Transporter,Altars-Dithmenos,Ru,Hepliaklqana,


Innate Abilities, Weirdness & Mutations

You are too large for most types of armour.
You have claws for hands.
Your natural rate of healing is unusually fast.
You are covered in fur. (AC +1)
You have tough skin. (AC +1)


Message History

You claw the gnoll!
The gnoll is heavily wounded.
Something unseen opens the door.
You scratch the gnoll but do no damage.
The gnoll is heavily wounded.
The gnoll barely misses you. The gnoll hits you with a +0 flail!
You scratch the gnoll.
The gnoll is severely wounded.
You claw the gnoll!
You kill the gnoll!
The gnoll hits you with a +0 flail.
Your Unarmed Combat skill increases to level 4!
You barely miss the gnoll. The gnoll hits you with a +0 flail!
You barely miss the gnoll. The gnoll hits you with a +0 flail!
You scratch the gnoll.
The gnoll is heavily wounded.
The gnoll barely misses you.
You scratch the gnoll.
The gnoll is almost dead.
The gnoll barely misses you.
The gnoll hits you from afar with a +0 halberd.
* * * LOW HITPOINT WARNING * * *
You scratch the gnoll.
You kill the gnoll!
The gnoll hits you from afar with a +0 halberd.
* * * LOW HITPOINT WARNING * * *
A gnoll comes into view. It is wielding a +0 club.
The gnoll shouts!
The gnoll barely misses you.
There is an open door here.
Things that are here:
a +0 flail; a gnoll corpse You claw the gnoll!
The gnoll is heavily wounded.
The gnoll hits you with a +0 halberd!
* * * LOW HITPOINT WARNING * * *
You completely miss the gnoll.
The gnoll is heavily wounded.
The gnoll closely misses you. The gnoll hits you with a +0 halberd.
You die...

≈≈...### ####.###.######
≈≈...# #..#.....#..#.####
#..## #......#.........##
#...####......#........###
#.#....##......###....###⌠.
#g##≈.g..####.........##.'..
#g #≈≈...#####............#⌠.
# #≈≈..g##.)......<.##...###
#≈≈....##@#........#....##
####≈≈.....gg+...............
≈≈≈≈≈......#'#...............
≈≈≈≈≈.....................∩.#
≈≈≈≈......>..................
≈≈≈..........................
≈............................
...#...##......#............#
..#....##......###..........##


You could see 2 gnolls.

Vanquished Creatures
  An orc wizard (D:4)
  4 adders
  5 gnolls (D:4)
  A worm (D:2)
  3 dart slugs
  8 orcs
  An endoplasm (D:3)
  2 giant cockroaches (D:4)
  8 goblins
  4 hobgoblins
  8 jackals
  2 quokkas
  7 ball pythons
  7 bats
  2 frilled lizards
  4 kobolds
  6 rats
73 creatures vanquished.

Vanquished Creatures (others)
  4 plants (D:4)
  4 toadstools (D:1)
8 creatures vanquished.

Grand Total: 81 creatures vanquished

Notes
Turn   | Place    | Note
-------+----------+-------------------------------------------
     0 | D:1      | FastidiousMonk the Troll Gladiator began the quest for the
                  | Orb.
     0 | D:1      | Reached XP level 1. HP: 19/19 MP: 0/0
   152 | D:1      | Reached XP level 2. HP: 28/28 MP: 1/1
   657 | D:1      | Reached XP level 3. HP: 34/36 MP: 2/2
  1220 | D:2      | Found a faded altar of an unknown god.
  1427 | D:2      | Found a stormy altar of Qazlal.
  1492 | D:2      | Found Othroecvo's Distillery.
  1496 | D:2      | Bought a potion of heal wounds for 50 gold pieces
  1646 | D:2      | Reached XP level 4. HP: 41/44 MP: 3/3
  2058 | D:3      | Identified the +3 scale mail of the Noxious Dropbear
                  | {*Corrode rElec rC+ Stlth+}
  2718 | D:3      | You fall into a shaft and drop 2 floors!
  2718 | D:5      | Entered Level 5 of the Dungeon
  2804 | D:4      | Found Loreet's Antique Weapon Emporium.
  2858 | D:4      | Identified the +3 ring mail of Leshrirhu {+Blink rC+ Str+4
                  | Dex-4}
  2875 | D:4      | Reached XP level 5. HP: 53/53 MP: 4/4
  3010 | D:4      | Found Bewiggaf's Distillery.
  3017 | D:4      | Bought a potion of invisibility for 80 gold pieces
  3028 | D:4      | Found a shadowy altar of Dithmenos.
  3079 | D:4      | Found a transporter.
  3081 | D:4      | Found a transporter.
  3105 | D:4      | Found Feh Ocam's Assorted Antiques.
  3170 | D:4      | Found Notiaps's Antique Weapon Emporium.
  3199 | D:4      | Found a sacrificial altar of Ru.
  3199 | D:4      | Found a hazy altar of Hepliaklqana.
  3251 | D:4      | Reached skill level 4 in Unarmed Combat
  3258 | D:4      | Slain by a gnoll

Illustrated notes

Levels and vault maps discovered:
D:1:      ldierk_walled_garden_2, layout_loops_corners, minmay_distorted
D:2:      layout_loops_cross, serial_shops, nicolae_shop_trees, basic_altar,
          hellmonk_ecumenical_altar_pennies_from_heaven,
          dreamdust_princess_corridor, minmay_misc_feat_iff, wad_orctagon
D:3:      layout_loops_ring, minmay_crystal_room
D:4:      layout_cave_pools, nicolae_dithmenos_shadow_blocks,
          gammafunk_temple_overflow_statue, minmay_temple_entry_nine_rooms,
          gammafunk_ghost_gnarly_gnolls, serial_shops, shop_statue, shop,
          nicolae_shop_behind_doors, shop, grunt_decor_junction
D:5:      layout_basic, nicolae_overflow_crystal_walls,
          mainiacjoe_overflow_six_doors_small, minmay_misc_feat_doors

Skill      XL: |  1  2  3  4  5 |
---------------+----------------+-----
Fighting       | 2 3 |  3.5
Dodging        | 3 |  3.3
Unarmed Combat | 4 |  4.0
Throwing       | |  1.7

Action                   |  1- 3 |  4- 6 || total
-------------------------+-------+-------++-------
Melee: Unarmed           |   120 |    84 ||   204
       Punch             |     1 |     2 ||     3
 Stab: Sleeping          |     1 |     1 ||     2
Armor: Robe              |    41 |    18 ||    59
Dodge: Dodged            |    76 |    29 ||   105
